AoeStats
← game 4 fun

Arena

509867387Analyzed
4v4 RM · 2d ago on Sep 28, 2026· 43m 49s· 8 players
Game mode
Random Map
Map size
Large (8 player)
Population
200
Speed
Normal
Resources
Standard
Victory
Conquest
Starting age
Dark Age
Ending age
Imperial Age
RankedLock teamsTeams togetherTeam positionsShared explorationLock speedFull tech treeHidden civsTurbo modeCheats
Victory
Defeat
🇦🇺 Goths · Australia
1229
+18
🇨🇳 Ethiopians · China
1214
+18
🇭🇰 Franks · Hong Kong SAR China
1198
+19
🇨🇳 Saxons · China
1197
+19
🇰🇷 Ethiopians · South Korea
1278
-19
🇻🇳 Vietnamese · Vietnam
1267
-19
🇦🇷 Varangians · Argentina
1259
-18
🇬🇧 Maya · United Kingdom
1253
-18
Nightmare
9:33 Feudal Age
13:36 Castle Age
11:29 Double-Bit Axe
12:10 Horse Collar
14:51 Bow Saw
20:24 Wheelbarrow
20:17 Heavy Plow
21:12 Town Watch
22:24 Hand Cart
22:46 Scale Barding Armor
23:07 Bloodlines
23:39 Husbandry
23:52 Loom
25:05 Chain Barding Armor
25:17 Gold Mining
25:17 Stone Mining
29:36 Imperial Age
27:57 Stone Shaft Mining
28:11 Forging
28:21 Treadmill Crane
29:35 Iron Casting
30:03 Murder Holes
31:05 Conscription
31:42 Guilds
32:12 Plate Barding Armor
32:38 Blast Furnace
31:32 Fletching
32:05 Ballistics
31:57 Cavalier
33:55 Chemistry
33:01 Siege Engineers
34:47 Masonry
XI JINPING
11:32 Feudal Age
15:49 Castle Age
14:05 Double-Bit Axe
15:29 Stone Mining
16:57 Horse Collar
19:49 Squires
21:56 Fletching
23:25 Bow Saw
24:59 Wheelbarrow
25:04 Loom
25:32 Bodkin Arrow
25:20 Crossbowman
29:59 Imperial Age
27:48 Gold Mining
28:07 Padded Archer Armor
28:48 Arson
29:07 Heavy Plow
29:39 Forging
29:29 Scale Mail Armor
30:02 Hand Cart
30:20 Thumb Ring
32:19 Chemistry
33:41 Leather Archer Armor
32:59 Arbalester
34:09 Bracer
36:43 Heated Shot
37:16 Ballistics
Leeroy Jenkins III
11:45 Feudal Age
15:33 Castle Age
13:48 Double-Bit Axe
14:10 Horse Collar
16:51 Bow Saw
20:03 Loom
20:52 Heavy Plow
22:45 Gold Mining
22:46 Stone Mining
28:47 Imperial Age
26:14 Fletching
27:24 Bodkin Arrow
27:29 Padded Archer Armor
27:54 Ballistics
27:41 Crossbowman
28:27 Thumb Ring
29:05 Leather Archer Armor
29:36 Hul'che Javelineers
29:57 Conscription
29:05 Capped Ram
30:54 Wheelbarrow
31:50 Chemistry
31:11 Bracer
33:28 Hand Cart
32:40 Arbalester
33:53 Ring Archer Armor
34:41 Hoardings
34:09 Treadmill Crane
Lucky_Bois_VN
10:20 Feudal Age
12:46 Loom
15:45 Castle Age
14:07 Double-Bit Axe
14:28 Horse Collar
16:36 Bow Saw
21:52 Wheelbarrow
21:37 Gold Mining
22:52 Heavy Plow
28:57 Imperial Age
26:59 Fletching
27:10 Padded Archer Armor
28:04 Hand Cart
27:35 Town Watch
27:47 Bodkin Arrow
28:21 Stone Mining
29:14 Leather Archer Armor
29:25 Ballistics
28:54 Pikeman
29:34 Squires
30:42 Chemistry
29:48 Bracer
31:09 Stone Shaft Mining
31:35 Two-Man Saw
31:24 Crop Rotation
30:35 Halberdier
31:54 Chatras
32:36 Forging
32:27 Scale Mail Armor
33:12 Scale Mail Armor
33:43 Ring Archer Armor
34:13 Iron Casting
34:29 Chain Mail Armor
35:13 Chatras
35:20 Scale Barding Armor
35:42 Treadmill Crane
36:13 Fortified Wall
36:14 Masonry
36:03 Murder Holes
35:48 Elite Battle Elephant
36:39 Bloodlines
36:29 Husbandry
37:42 Hoardings
38:10 Chain Barding Armor
39:46 Paper Money
40:11 Elite Skirmisher
42:08 Coinage
game 4 fun
0:27 Loom
12:14 Feudal Age
16:18 Castle Age
14:16 Double-Bit Axe
21:20 Wheelbarrow
22:04 Town Watch
22:31 Bow Saw
23:48 Scale Barding Armor
23:51 Husbandry
24:30 Gold Mining
26:31 Forging
27:12 Hand Cart
28:18 Gold Shaft Mining
30:41 Chain Barding Armor
31:00 Iron Casting
33:08 Imperial Age
33:23 Cavalier
34:39 Plate Barding Armor
34:27 Conscription
36:04 Blast Furnace
35:41 Paladin
35:45 Light Cavalry
38:21 Caravan
38:51 Coinage
38:37 Pikeman
39:18 Squires
39:03 Gambesons
39:04 Arson
39:20 Scale Mail Armor
40:18 Chain Mail Armor
40:03 Halberdier
41:01 Chivalry
42:19 Plate Mail Armor
44:06 Banking
star
11:24 Feudal Age
15:27 Castle Age
13:40 Double-Bit Axe
13:37 Horse Collar
20:35 Bow Saw
21:53 Heavy Plow
22:57 Gold Mining
22:54 Loom
24:27 Wheelbarrow
29:07 Imperial Age
27:07 Scale Mail Armor
27:15 Squires
27:01 Arson
27:34 Forging
27:31 Stone Mining
29:09 Chain Mail Armor
29:30 Iron Casting
29:10 Shield Wall
30:59 Plate Mail Armor
29:57 Elite Varangian Guard
32:28 Two-Man Saw
32:33 Conscription
33:44 Chemistry
33:06 Ballistics
35:33 Coinage
37:29 Banking
孤独GDA
10:19 Feudal Age
14:14 Castle Age
14:07 Double-Bit Axe
14:05 Horse Collar
15:37 Bow Saw
17:04 Fletching
18:48 Crossbowman
20:53 Gold Mining
21:50 Bodkin Arrow
23:08 Heavy Plow
24:59 Heavy Plow
25:39 Wheelbarrow
27:57 Gold Shaft Mining
27:42 Padded Archer Armor
27:43 Loom
28:41 Hand Cart
33:43 Imperial Age
31:38 Thumb Ring
34:20 Royal Heirs
34:37 Forging
34:28 Scale Mail Armor
36:37 Elite Shotel Warrior
37:38 Conscription
39:13 Chain Mail Armor
lethe711
10:46 Feudal Age
14:32 Castle Age
12:58 Double-Bit Axe
14:08 Horse Collar
16:46 Bow Saw
17:57 Heavy Plow
23:00 Fervor
23:29 Wheelbarrow
23:49 Gold Mining
24:53 Hand Cart
25:35 Loom
30:08 Imperial Age
28:02 Scale Mail Armor
28:13 Forging
28:08 Stone Mining
29:45 Sanctity
29:41 Chain Mail Armor
29:41 Treadmill Crane
30:37 Iron Casting
30:44 Squires
30:36 Fletching
31:19 Anarchy
30:40 Elite Huskarl
31:21 Perfusion
32:48 Blast Furnace
31:56 Pikeman
32:55 Halberdier
36:24 Two-Man Saw
38:30 Stone Shaft Mining
38:26 Crop Rotation
44:44 Conscription
Connection lost

Rejoining the realm…

Still unreachable

The connection could not be restored.

Session expired

The server has moved on; the page needs a fresh start.